AoeStats
← Lukitasmdp150

Arena

509712558Analyzed
1v1 RM · 3d ago on Sep 27, 2026· 46m 1s· 2 players
Game mode
Random Map
Map size
Tiny (2 player)
Population
200
Speed
Normal
Resources
Standard
Victory
Conquest
Starting age
Dark Age
Ending age
Imperial Age
RankedLock teamsTeams togetherTeam positionsShared explorationLock speedFull tech treeHidden civsTurbo modeCheats
Victory
Defeat
🇦🇷 Georgians · Argentina
903
+27
🇺🇸 Burgundians · United States
882
-15
V_006
10:29 Feudal Age
12:19 Loom
15:23 Castle Age
13:48 Horse Collar
13:54 Double-Bit Axe
15:05 Scale Barding Armor
17:06 Forging
16:44 Light Cavalry
25:16 Chain Barding Armor
25:23 Sanctity
25:45 Husbandry
26:34 Bow Saw
28:00 Iron Casting
28:24 Pikeman
29:05 Squires
29:46 Fervor
31:00 Two-Man Saw
30:06 Gold Mining
30:06 Stone Mining
31:17 Scale Mail Armor
33:06 Chain Mail Armor
35:39 Wheelbarrow
34:49 Town Watch
37:58 Imperial Age
35:30 Murder Holes
36:56 Hand Cart
37:30 Town Patrol
37:36 Padded Archer Armor
37:27 Fletching
40:13 Plate Mail Armor
Lukitasmdp150
8:06 Loom
11:09 Feudal Age
15:39 Double-Bit Axe
19:11 Castle Age
17:53 Horse Collar
18:50 Forging
18:47 Scale Barding Armor
20:04 Wheelbarrow
20:56 Bloodlines
20:48 Husbandry
25:49 Iron Casting
25:49 Gold Mining
26:12 Bow Saw
31:51 Hand Cart
31:50 Town Watch
35:52 Imperial Age
33:36 Fletching
34:11 Ballistics
34:55 Chain Barding Armor
35:17 Town Patrol
36:18 Murder Holes
37:58 Conscription
38:46 Chemistry
37:51 Padded Archer Armor
37:28 Cavalier
41:11 Leather Archer Armor
43:39 Bodkin Arrow
44:46 Blast Furnace
44:14 Aznauri Cavalry
44:35 Elite Monaspa
46:46 Masonry
Connection lost

Rejoining the realm…

Still unreachable

The connection could not be restored.

Session expired

The server has moved on; the page needs a fresh start.